 Dungeon Crawl Stone Soup version 0.16.0-17-g811c1d7 (webtiles) character file.

148 Fluffy the Chiller (level 5, -4/35 HPs)
             Began as a Demonspawn Ice Elementalist on Mar 21, 2015.
             Killed from afar by a kobold (10 damage)
             ... with a wand of flame
             ... on level 4 of the Dungeon.
             The game lasted 00:07:34 (2638 turns).

Fluffy the Chiller (Demonspawn Ice Elementalist)    Turns: 2638, Time: 00:07:35

Health: -4/35      AC:  4    Str:  8    XL:     5   Next: 8%
Magic:  9/9        EV: 12    Int: 18    God:
Gold:   151        SH:  0    Dex: 13    Spells: 1 memorised, 7 levels left

rFire  . . .     SeeInvis .     g - +3 dagger (venom)
rCold  . . .     Clarity  .     a - +1 robe
rNeg   . . .     SustAb   .     (no shield)
rPois  .         Gourm    .     (helmet restricted)
rElec  .         Spirit   .     e - +0 cloak
rCorr  .         Warding  .     (no gloves)
rMut   .         Stasis   .     (no boots)
MR     .....                    (no amulet)
Stlth  ++........               (no ring)
                                (no ring)

@: not resistant to hostile enchantments, unstealthy
A: antennae 1, powered by death 1
a: no special abilities


You were on level 4 of the Dungeon.
You were hungry.

You visited 1 branch of the dungeon, and saw 4 of its levels.

You collected 151 gold pieces.

Inventory:

Hand weapons
 g - a +3 dagger of venom (weapon)
 m - a +0 long sword
Armour
 a - a +1 robe (worn)
 e - a +0 cloak (worn)
Magical devices
 q - a wand of flame (10)
Scrolls
 f - 5 scrolls of remove curse
 j - a scroll of teleportation
 k - 2 scrolls of enchant weapon
Potions
 h - a potion of curing
 l - 3 potions of agility
 n - 2 potions of brilliance {unknown}
 o - a potion of flight {unknown}
 p - a potion of mutation {unknown}
Books
 b - a book of Frost

   Spells                             Type                      Level
   a - Freeze                         Ice                          1
   b - Throw Frost                    Conjuration/Ice              2
   c - Ozocubu's Armour               Charms/Ice                   3
   d - Throw Icicle                   Conjuration/Ice              4
   e - Summon Ice Beast               Ice/Summoning                4
   f - Condensation Shield            Ice                          4
Comestibles
 c - 4 bread rations
 d - 3 fruits
 i - 3 slices of pizza
 r - a beef jerky


   Skills:
 + Level 0.6 Long Blades
 - Level 1.7 Dodging
 - Level 1.7 Stealth
 - Level 2.0 Spellcasting
   Level 1.0 Conjurations
 + Level 5.1 Ice Magic


You had 7 spell levels left.
You knew the following spells:

 Your Spells              Type           Power        Failure   Level  Hunger
a - Freeze                Ice            ###.         1%          1    #......


Dungeon Overview and Level Annotations

Branches:
Dungeon (4/15)
 Temple: D:4-7

Altars:
Dithmenos
Kikubaaqudgha
Trog
Vehumet


Innate Abilities, Weirdness & Mutations

You have a pair of small antennae on your head.
You can steal the life force of nearby defeated enemies.


Message History

You barely miss the ogre.
The ogre is heavily wounded.
The ogre misses you.
You closely miss the ogre.
The ogre is heavily wounded.
The ogre closely misses you.
Found 9 gold pieces.
You barely miss the ogre.
The ogre is heavily wounded.
The ogre hits you with a giant club!!
Ouch! That really hurt!
* * * LOW HITPOINT WARNING * * *
You hit the ogre.
The ogre is poisoned.
The ogre is severely wounded.
The ogre closely misses you.
Found a radiant altar of Vehumet.
A kobold comes into view.
The kobold shouts!
The kobold zaps a wand.
The puff of flame hits you!
You die...

#...# . ####.### .K...#
.## #....###
#._.#.##..# ##.####..
........##.# #..# #..#
...#.....#.# #(####.##
.........#.####.#....##
#.....#.##.....####.
#....O.......### #.
#..@$....##.## #.
#...........# ..
#.....##...... ...
#.....###..### .
#...... ...#
######.##... .# .... ..
.


You could see an ogre and a kobold.

Vanquished Creatures
  5 adders
  A giant mite (D:3)
  A worm (D:2)
  3 giant geckos
  An ooze (D:2)
  7 orcs (D:3)
  A ball python (D:1)
  7 giant cockroaches
  10 goblins
  10 hobgoblins
  7 kobolds
  4 quokkas
  6 bats
  2 giant newts
  3 jackals (D:2)
  5 rats
73 creatures vanquished.

Notes
Turn   | Place    | Note
--------------------------------------------------------------
     0 | D:1      | Fluffy, the Demonspawn Ice Elementalist, began the quest for the Orb.
     0 | D:1      | Reached XP level 1. HP: 13/13 MP: 3/3
   159 | D:1      | Reached skill level 3 in Ice Magic
   405 | D:1      | Gained mutation: You can steal the life force of nearby defeated enemies. [demonic ancestry]
   405 | D:1      | Reached XP level 2. HP: 19/19 MP: 2/4
  1062 | D:2      | Gained mutation: You have a pair of small antennae on your head. [demonic ancestry]
  1062 | D:2      | Reached XP level 3. HP: 16/24 MP: 6/6
  1189 | D:2      | Reached skill level 4 in Ice Magic
  1368 | D:2      | Reached XP level 4. HP: 23/30 MP: 7/7
  2043 | D:3      | Found a bloodstained altar of Trog.
  2076 | D:3      | Reached skill level 5 in Ice Magic
  2305 | D:3      | Found a bloodstained altar of Trog.
  2315 | D:3      | Found a shadowy altar of Dithmenos.
  2318 | D:3      | Found an ancient bone altar of Kikubaaqudgha.
  2360 | D:3      | Reached XP level 5. HP: 35/35 MP: 9/9
  2607 | D:4      | Noticed an ogre
  2635 | D:4      | Found a radiant altar of Vehumet.
  2638 | D:4      | Killed from afar by a kobold

Action                   |  1- 3 |  4- 6 || total
-------------------------+-------+-------++-------
Melee: Unarmed           |     4 |       ||     4
       Dagger            |    41 |    81 ||   122
       Hand axe          |    17 |       ||    17
 Cast: Freeze            |    15 |     2 ||    17
  Use: Scroll            |     6 |     4 ||    10
 Stab: Sleeping          |     2 |     2 ||     4
  Eat: Chunk             |     2 |     3 ||     5
